 Dungeon Crawl Stone Soup version 0.19.0-19-g8c6edcc (webtiles) character file.

18145 Gorice the Basher (level 12, 0/88 HPs)
             Began as a Demonspawn Gladiator on Nov 13, 2016.
             Was a Priest of Makhleb.
             Slain by Snorg (19 damage)
             ... on level 4 of the Lair of Beasts.
             The game lasted 01:20:33 (16340 turns).

Gorice the Basher (Demonspawn Gladiator)           Turns: 16340, Time: 01:20:34

Health: 0/88       AC: 20    Str: 24    XL:     12   Next: 25%
Magic:  16/16      EV: 11    Int: 11    God:    Makhleb [***...]
Gold:   303        SH:  6    Dex: 14    Spells: 0 memorised, 11 levels left

rFire  . . .     SeeInvis +     a - +4 flail (crush)
rCold  + + .     Gourm    .     e - +5 scale mail of the Dragon {rC+ rN++}
rNeg   + + .     Faith    .     (no shield)
rPois  .         Spirit   .     N - +0 hat {SInv}
rElec  .         Reflect  .     s - +1 cloak
rCorr  .         Harm     .     o - +1 pair of gloves
MR     .....                    g - +0 pair of boots
Stlth  ++++......               (no amulet)
                                R - ring of stealth
                                D - ring of stealth

@: mighty
A: horns 1, large bone plates 2, cold resistance 1, nightstalker 2, freezing
cloud immunity
a: Minor Destruction, Lesser Servant of Makhleb, Renounce Religion


You were on level 4 of the Lair of Beasts.
You worshipped Makhleb.
Makhleb was most pleased with you.
You were hungry.

You visited 3 branches of the dungeon, and saw 15 of its levels.

You collected 940 gold pieces.
You spent 637 gold pieces at shops.

Inventory:

Hand Weapons
 a - a +4 flail of crushing (weapon)
   (You took it off Edmund on level 4 of the Dungeon)
 b - a +0 hunting sling
 v - a +1 dagger of venom
   (You took it off Dowan on level 7 of the Dungeon)
Missiles
 k - 99 sling bullets
 G - 16 tomahawks (quivered)
 X - 4 tomahawks of dispersal
 Z - 5 javelins of penetration
Armour
 e - the +5 scale mail of the Dragon (worn) {rC+ rN++}
   (You bought it in a shop on level 4 of the Dungeon)

   It protects you from cold.
   It greatly protects you from negative energy.
 g - a +0 pair of boots (worn)
 o - a +1 pair of gloves (worn)
 s - a +1 cloak (worn)
 N - a +0 hat of see invisible (worn)
   (You took it off Gastronok on level 1 of the Lair of Beasts)
Jewellery
 c - a +3 ring of strength
 h - a +2 ring of intelligence
 m - a +3 ring of dexterity
 D - a ring of stealth (left hand)
 J - an uncursed ring of flight
 R - a ring of stealth (right hand)
Wands
 j - a wand of paralysis (7/24)
 p - a wand of heal wounds (1/9) {!d}
 u - a wand of iceblast (5/15)
 z - a wand of lightning (4/15)
 L - a wand of flame (13/48)
Scrolls
 i - a scroll of enchant armour
 M - 3 scrolls of remove curse
Potions
 d - 2 potions of resistance {!q}
 l - a potion of cure mutation {unknown}
 n - 2 potions of ambrosia
 q - a potion of agility {unknown}
 t - a potion of might {!q}
 w - 2 potions of curing
 A - a potion of mutation {unknown}
 P - 2 potions of berserk rage {unknown}
Comestibles
 f - 10 bread rations {!e}
 r - 3 fruits


   Skills:
 * Level 6.2 Fighting
 - Level 14.0 Maces & Flails
 - Level 1.7 Throwing
 + Level 10.0 Armour
 - Level 2.6 Dodging
 - Level 6.0 Invocations


You had 11 spell levels left.
You didn't know any spells.

Dungeon Overview and Level Annotations

Branches:
Dungeon (10/15)            Temple (1/1) D:5            Lair (4/6) D:9
  Swamp (0/4) Lair:3
  Snake: Lair:2-4    Spider: Lair:2-4       Orc: D:9-12

Altars:
Ashenzari
Cheibriados
Dithmenos
Elyvilon
Fedhas
Gozag
Hepliaklqana
Kikubaaqudgha
Makhleb
Nemelex Xobeh
Okawaru
Qazlal
Ru
Sif Muna
Trog
Uskayaw
Vehumet
Xom
Yredelemnul
Zin
The Shining One

Shops:
D:4 [   D:6 [}(:

Annotations:
D:3 1 runed door, Natasha; grisgris's ghost, amateur GrFi
D:10 UX: 2 giants wt!
Lair:3 exclusion: 2 death yaks
Lair:4 Snorg


Innate Abilities, Weirdness & Mutations

You have a pair of small horns on your head.
You are mostly covered in large bone plates. (SH +6)
Your flesh is cold resistant. (rC+)
You are significantly more attuned to the shadows.
You are immune to freezing clouds.


Message History

* * * LOW HITPOINT WARNING * * *
Snorg bites you!
* * * LOW HITPOINT WARNING * * *
Snorg claws you but does no damage. Snorg closely misses you.
The crocodile bites you but does no damage.
Your ynoxinul hits Snorg! Snorg bites your ynoxinul.
Snorg closely misses your ynoxinul. x2
Damage: 20 (max 25) Unknown command.
Unknown command.
Snorg bites your ynoxinul! Snorg claws your ynoxinul.
Snorg claws your ynoxinul!
Your ynoxinul dies!
Your ufetubus disappears in a puff of smoke! x3
Okay, then.
Okay, then.
Evoke which item? (* to show all) (? for menu, Esc to quit)
Zapping:
p - a wand of heal wounds (2/9) {!d}
Press: ? - help, Shift-Dir - straight line, f - you, p - Snorg You feel much better.
This wand has 1 charge left.
The crocodile barely misses you.
Evoke which item? (* to show all) (? for menu, Esc to quit)
Zapping:
j - a wand of paralysis (will waste charges)
Press: ? - help, Shift-Dir - straight line, f - Snorg
Aim: Snorg (moderately wounded, berserk, fast, unusually strong, chance to defeat MR: 15%) Snorg resists with almost no effort.
Evoking this partially-identified wand wasted a few charges.
Snorg bites you. Snorg claws you but does no damage. Snorg barely misses you.
Snorg bites you!
* * * LOW HITPOINT WARNING * * *
Snorg barely misses you. Snorg closely misses you.
The crocodile bites you but does no damage.
Damage: 16 (max 25)
You block Snorg's attack. Snorg claws you but does no damage. x2
Snorg bites you!
* * * LOW HITPOINT WARNING * * *
Snorg closely misses you. You block Snorg's attack.
There is a stone staircase leading up here.
Damage: 8 (max 25) Snorg misses you. Snorg claws you but does no damage.
Snorg closely misses you.
You block Snorg's attack. x2; Snorg closely misses you.
The crocodile bites you.
* * * LOW HITPOINT WARNING * * *
You block Snorg's attack. x2; Snorg claws you.
* * * LOW HITPOINT WARNING * * *
Damage: 10 (max 25)
The crocodile misses you.
The crocodile bites you but does no damage.
Snorg bites you!!
You die...

.##..#+....#
.........####.###.#
#........####..##.#
##......#.#...##P..
.........##...# #.##
....(...###...# #.P
#......##....# #.##
##>ยง....##...###..##
#......#....+P#@t#.#
..............<..T.##
....................#
...................##
.................##
................#
...............#


You could see Snorg (berserk) and a crocodile.

Vanquished Creatures
  Gastronok (Lair:1)
  A hydra (Lair:3)
  Erica (D:8)
  Psyche (D:8)
  Maurice (D:9)
  2 black mambas (Lair:2)
  3 spiny frogs
  A rime drake (Lair:2)
  A komodo dragon (Lair:2)
  13 blink frogs
  4 hippogriffs
  5 yaks
  A basilisk (Lair:2)
  Eustachio (D:5)
  Edmund (D:4)
  Menkaure (D:5)
  Duvessa (D:7)
  3 water moccasins
  An orc warrior (D:6)
  8 porcupines
  2 sky beasts
  6 ice beasts
  2 black bears
  A phantom (D:9)
  14 wolves
  3 ogres
  5 centaurs
  6 crocodiles
  Blork the orc (D:6)
  9 bullfrogs
  2 gnoll sergeants
  Dowan (D:7)
  15 scorpions
  4 wights (D:9)
  2 howler monkeys (D:7)
  An electric eel (Lair:3)
  5 crimson imps
  A centaur zombie (D:5)
  3 jellies
  2 hounds
  A bullfrog skeleton (D:10)
  2 orc priests (D:6)
  6 orc wizards
  3 centaur skeletons
  Ijyb (D:3)
  Natasha (D:3)
  6 worker ants
  A killer bee zombie (D:8)
  2 worker ant zombies
  18 gnolls
  16 adders
  2 river rats (D:9)
  A shadow imp (D:5)
  3 oozes
  2 worms
  3 adder skeletons
  2 dart slugs (D:3)
  2 leopard geckos
  13 orcs
  A ball python (D:1)
  11 giant cockroaches
  6 goblins
  9 hobgoblins
  2 jackals (D:4)
  6 quokkas
  20 bats
  3 frilled lizards
  5 kobolds
  2 quokka skeletons
  11 rats
  2 fungi
299 creatures vanquished.

Vanquished Creatures (collateral kills)
  A hydra (Lair:3)
1 creature vanquished.

Vanquished Creatures (others)
  A rat (D:2)
  2 fungi
3 creatures vanquished.

Grand Total: 303 creatures vanquished

Notes
Turn   | Place    | Note
-------+----------+-------------------------------------------
     0 | D:1      | Gorice the Demonspawn Gladiator began the quest for the Orb.
     0 | D:1      | Reached XP level 1. HP: 16/16 MP: 1/1
   240 | D:1      | Reached skill level 3 in Maces & Flails
   314 | D:1      | Gained mutation: You are slightly more attuned to the shadows. [demonic ancestry]
   314 | D:1      | Reached XP level 2. HP: 22/22 MP: 2/2
  1340 | D:2      | Gained mutation: You have a pair of small horns on your head. [demonic ancestry]
  1340 | D:2      | Reached XP level 3. HP: 26/27 MP: 3/3
  1361 | D:2      | Reached skill level 4 in Maces & Flails
  1944 | D:2      | Gained mutation: Your flesh is cold resistant. (rC+) [demonic ancestry]
  1944 | D:2      | Reached XP level 4. HP: 33/33 MP: 4/4
  1975 | D:2      | Found a radiant altar of Vehumet.
  1988 | D:2      | Found a hide-covered altar of Uskayaw.
  1988 | D:2      | Found a sparkling altar of Nemelex Xobeh.
  2603 | D:2      | Reached skill level 5 in Maces & Flails
  2653 | D:2      | Found a stormy altar of Qazlal.
  2866 | D:2      | Reached XP level 5. HP: 37/38 MP: 5/5
  3112 | D:3      | Noticed Natasha
  3352 | D:3      | Killed Natasha
  3457 | D:3      | Noticed Ijyb
  3469 | D:3      | Noticed grisgris's ghost (amateur GrFi)
  3473 | D:3      | Killed Ijyb
  3473 | D:3      | Reached skill level 6 in Maces & Flails
  3677 | D:3      | Noticed Natasha
  3786 | D:3      | Found a shattered altar of Ashenzari.
  3845 | D:3      | Found a runed door.
  4154 | D:3      | Gained mutation: You are partially covered in large bone plates. (SH +4) [demonic ancestry]
  4154 | D:3      | Reached XP level 6. HP: 44/44 MP: 6/6
  4929 | D:4      | Reached skill level 7 in Maces & Flails
  5100 | D:4      | Found Nonu's Armour Boutique.
  5105 | D:4      | Bought a +0 chain mail for 49 gold pieces
  5289 | D:4      | Noticed Edmund
  5328 | D:4      | Killed Edmund
  5328 | D:4      | Reached skill level 1 in Armour
  5328 | D:4      | Reached XP level 7. HP: 31/50 MP: 7/7
  6082 | D:4      | Reached skill level 2 in Armour
  6172 | D:4      | Reached skill level 8 in Maces & Flails
  6198 | D:5      | Entered Level 5 of the Dungeon
  6222 | D:5      | Noticed Eustachio
  6235 | D:5      | Killed Eustachio
  6235 | D:5      | Gained mutation: You are immune to freezing clouds. [demonic ancestry]
  6235 | D:5      | Reached XP level 8. HP: 51/56 MP: 8/8
  6280 | D:5      | Reached skill level 3 in Armour
  6461 | D:5      | Reached skill level 9 in Maces & Flails
  6538 | D:5      | Found a staircase to the Ecumenical Temple.
  6549 | Temple   | Entered the Ecumenical Temple
  6626 | Temple   | Became a worshipper of Makhleb the Destroyer
  6912 | D:5      | Noticed Menkaure
  6921 | D:5      | Killed Menkaure
  7016 | D:5      | Reached skill level 4 in Armour
  7344 | D:6      | Found Ahoxe's Book Shop.
  7440 | D:6      | Found Rosit's Antique Armour Emporium.
  7688 | D:6      | Reached XP level 9. HP: 60/61 MP: 9/9
  7751 | D:6      | Found Tohyodd's Gadget Shop.
  7756 | D:6      | Reached skill level 10 in Maces & Flails
  7792 | D:6      | Found Mamp's Antique Weapon Shop.
  7872 | D:6      | Noticed Blork the orc
  7880 | D:6      | Killed Blork the orc
  7981 | D:6      | Reached skill level 5 in Armour
  8073 | D:6      | HP: 11/61 [orc warrior/long sword of holy wrath (15)]
  8076 | D:6      | Reached * piety under Makhleb
  8357 | D:7      | Noticed Duvessa
  8358 | D:7      | Noticed Dowan
  8369 | D:7      | Killed Duvessa
  8374 | D:7      | Killed Dowan
  9148 | D:8      | Noticed Erica
  9308 | D:9      | Reached skill level 11 in Maces & Flails
  9308 | D:9      | Reached skill level 6 in Armour
  9396 | D:9      | Found a staircase to the Lair.
  9404 | D:9      | Noticed Maurice
  9467 | D:9      | Killed Maurice
  9485 | D:9      | HP: 18/61 [poisoned by Maurice]
  9491 | D:9      | HP: 16/61 [poisoned by Maurice]
  9497 | D:9      | HP: 16/61 [poisoned by Maurice]
  9505 | D:9      | HP: 15/61 [poisoned by Maurice]
  9623 | D:9      | Gained mutation: You are mostly covered in large bone plates. (SH +6) [demonic ancestry]
  9623 | D:9      | Reached XP level 10. HP: 29/67 MP: 10/10
 10081 | D:9      | Reached ** piety under Makhleb
 10218 | D:9      | Reached skill level 7 in Armour
 10586 | D:10     | Entered Level 10 of the Dungeon
 10600 | D:10     | Reached skill level 12 in Maces & Flails
 10635 | D:10     | Noticed a hill giant
 10706 | D:10     | Noticed a hill giant
 10832 | Lair:1   | Entered Level 1 of the Lair of Beasts
 10832 | Lair:1   | Noticed a spiny frog
 10845 | Lair:1   | Killed a spiny frog
 10865 | Lair:1   | Noticed Gastronok
 10902 | Lair:1   | Killed Gastronok
 10902 | Lair:1   | Reached skill level 8 in Armour
 11203 | Lair:1   | Noticed a spiny frog
 11214 | Lair:1   | HP: 8/67 [spiny frog (18)]
 11219 | Lair:1   | Killed a spiny frog
 11462 | Lair:1   | Gained mutation: You are significantly more attuned to the shadows. [demonic ancestry]
 11462 | Lair:1   | Reached XP level 11. HP: 59/72 MP: 11/11
 11701 | Lair:1   | Reached skill level 13 in Maces & Flails
 11730 | Lair:1   | Reached skill level 9 in Armour
 11836 | Lair:1   | Reached *** piety under Makhleb
 12410 | D:4      | Bought the +5 scale mail of the Dragon {rC+ rN++} for 588 gold pieces
 12546 | D:8      | Killed Erica
 12636 | D:8      | Noticed Psyche
 12653 | D:8      | Killed Psyche
 13212 | Lair:2   | Noticed an eight-headed hydra
 13578 | Lair:2   | HP: 11/72 [komodo dragon (18)]
 13583 | Lair:2   | HP: 17/72 [komodo dragon (16)]
 13584 | Lair:2   | HP: 3/72 [komodo dragon (14)]
 13719 | Lair:2   | Reached skill level 10 in Armour
 13803 | Lair:2   | Reached skill level 1 in Invocations
 13954 | Lair:2   | Reached skill level 2 in Invocations
 14146 | Lair:2   | Reached skill level 14 in Maces & Flails
 14213 | Lair:1   | Reached **** piety under Makhleb
 14374 | Lair:2   | Reached skill level 3 in Invocations
 14449 | Lair:2   | Reached skill level 3 in Fighting
 14781 | Lair:2   | Reached skill level 4 in Fighting
 14781 | Lair:2   | Reached skill level 4 in Invocations
 14936 | Lair:2   | Reached XP level 12. HP: 52/84 MP: 15/15
 15231 | Lair:3   | Noticed a four-headed hydra
 15357 | Lair:3   | Killed a four-headed hydra
 15357 | Lair:3   | Reached skill level 5 in Fighting
 15357 | Lair:3   | Reached skill level 5 in Invocations
 15402 | Lair:3   | Found a staircase to the Swamp.
 15660 | Lair:3   | Noticed a seven-headed hydra
 15673 | Lair:3   | Killed a seven-headed hydra
 15673 | Lair:3   | Reached skill level 6 in Fighting
 15893 | Lair:3   | Noticed a death yak
 16080 | Lair:3   | Reached skill level 6 in Invocations
 16164 | Lair:3   | Noticed a death yak
 16310 | Lair:4   | Noticed Snorg
 16324 | Lair:4   | HP: 21/88 [Snorg (8)]
 16338 | Lair:4   | HP: 22/88 [crocodile (6)]
 16340 | Lair:4   | Slain by Snorg

Skill      XL: |  1  2  3  4  5  6  7  8  9 10 11 12 |
---------------+-------------------------------------+-----
Maces & Flails | 3 4 5 6 7 8 9 11 12 14 | 14.0
Armour         | 1 2 4 6 8 10 | 10.0
Invocations    | 4 6 |  6.0
Fighting       | 4 6 |  6.2
Throwing       | |  1.7
Dodging        | |  2.6

Action                   |  1- 3 |  4- 6 |  7- 9 | 10-12 || total
-------------------------+-------+-------+-------+-------++-------
Melee: Flail             |   140 |   185 |   422 |   627 ||  1374
       Headbutt          |     7 |    26 |    92 |   129 ||   254
       Dagger            |       |       |     8 |       ||     8
Throw: Stone             |     3 |    11 |       |       ||    14
       Tomahawk          |       |     5 |     9 |    40 ||    54
       Throwing net      |       |       |     3 |     6 ||     9
Invok: Lesser Servant of |       |       |       |     4 ||     4
Evoke: Wand              |       |     2 |     1 |     3 ||     6
  Use: Scroll            |     4 |     6 |     4 |    14 ||    28
       Potion            |     2 |       |     5 |     4 ||    11
 Stab: Sleeping          |     4 |    13 |       |     5 ||    22
       Distracted        |       |     1 |       |     2 ||     3
       Held in net/web   |       |       |     4 |     4 ||     8
  Eat: Chunk             |     3 |    11 |    11 |    21 ||    46
       Pizza             |       |       |     1 |       ||     1
       Royal jelly       |       |       |     1 |       ||     1
Armor: Leather armour    |    35 |       |       |       ||    35
       Ring mail         |    21 |    48 |       |       ||    69
       Skin              |    15 |       |    18 |       ||    33
       Chain mail        |       |     8 |   202 |   130 ||   340
       Scale mail        |       |       |       |   152 ||   152
Dodge: Dodged            |   111 |    85 |   131 |   240 ||   567
Block: Other             |       |     5 |    43 |   156 ||   204

Table legend:
 A = Turns spent in this place as a percentage of turns spent in the entire game.
 B = Non-inter-level travel turns spent in this place as a percentage of non-inter-level travel turns spent in the entire game.
 C = Inter-level travel turns spent in this place as a percentage of turns spent in this place.
 D = Turns resting spent in this place as a percentage of non-inter-level travel turns spent in this place.
 E = Turns spent auto-exploring this place as a percentage of non-inter-level travel turns spent in this place.
 F = Non-inter-level travel turns spent in this place divided by the number of levels of this place that you've seen.
                   A       B       C       D       E      F
               +-------+-------+-------+-------+-------+----------------------
         Total | 100.0 | 100.0 |   0.7 |   3.2 |   5.6 | 361.1
       Dungeon |  71.7 |  71.7 |   0.6 |   2.8 |   5.6 | 388.3
        Temple |   0.6 |   0.5 |   3.3 |   0.0 |  37.9 |  29.0
          Lair |  27.8 |  27.8 |   0.7 |   4.4 |   5.1 | 376.0
               +-------+-------+-------+-------+-------+----------------------

Vault maps used:
D:1:      dpeg_arrival_rhombi
D:2:      wad_woods_settlement, grunt_temple_overflow_open, first_bread,
          grunt_qazlal_clouds
D:3:      ashenzari_altar_1, uniq_crazy_yiuf_cottage, uniq_natasha, uniq_iyjb
D:4:      serial_shops, shop, uniq_edmund
D:5:      old_forge, uniq_eustachio, uniq_menkaure
D:6:      serial_shops, nicolae_shop_crystal, nicolae_shop_statue_plus, shop,
          nicolae_shop_waterfront, roderic_filled_cross,
          kennysheep_generic_room_13, uniq_blork_the_orc
D:7:      uniq_duvessa
D:8:      uniq_psyche, uniq_erica
D:9:      due_lair_maze_entry_diamond, uniq_maurice
D:10:     minmay_imperfect_grid, orc_0_dummy, serial_shops, nicolae_shop_trees
Temple:   dpeg_five_rooms_temple
Lair:1:   uniq_gastronok
Lair:3:   swamp_mist_pool, nicolae_quartered_pool_super
Lair:4:   spider_nest_entry_rubble, enter_volcano_1, uniq_nessos, uniq_snorg
